FLORIDA Panthers vs COLORADO Avalanche

Created - 3 mars 2024 at 14:48

Goals
1 2 3 T
FLORIDA Panthers 3 1 0 4
COLORADO Avalanche 2 0 0 2
Shots
1 2 3 T
FLORIDA Panthers 14 18 4 36
COLORADO Avalanche 6 12 10 28

1st period

1. FLORIDA Panthers , Derek Grant 2 (Connor Murphy 11, Matt Irwin 2) at 2:58
2. FLORIDA Panthers , Ryan McDonagh 5 (Brady Skjei 24, Steven Stamkos 19) at 5:03 (PP)
3. COLORADO Avalanche , Tyson Barrie 9 (Nick Foligno 12, Oliver Ekman-Larsson 22) at 5:39
4. COLORADO Avalanche , Trevor Zegras 8 (Alex Iafallo 17, Zach Bogosian 10) at 8:00
5. FLORIDA Panthers , Brady Skjei 12 (Steven Stamkos 20, Matthew Tkachuk 26) at 19:00

Penalties :
Jason Zucker (COL) for Roughing (Minor) at 3:51, David Pastrnak (COL) for Roughing (Minor) at 16:55

2nd period

6. FLORIDA Panthers , Yegor Sharangovich 7 (Matt Irwin 3, Adam Henrique 7) at 19:57

Penalties :
Eetu Luostarinen (FLO) for Interference (Minor) at 13:11, Zach Bogosian (COL) for Interference (Minor) at 15:43

3rd period

No Goal

Penalties :
Dougie Hamilton (FLO) for Slashing (Minor) at 3:17, Tyson Barrie (COL) for Tripping (Minor) at 6:30

Goalie Stats

Darcy Kuemper (FLO), 26 saves from 28 shots - (0,929), W, 20-14-5, 60:00 minutes
Jonathan Quick (COL), 32 saves from 36 shots - (0,889), L, 18-19-2, 60:00 minutes

Players Stats for FLORIDA Panthers

Player Name              G  A  P  +/- PIM S  H  SB GA TA FO     MP     PP MP  PK MP  
------------------------------------------------------------------------------------
Adam Henrique            0  1  1   1  0   0  0  0  0  0  12/19  12:11   0:00   0:42 
Brady Skjei              1  1  2   0  0   3  4  0  0  0  0/0    23:08   2:39   1:50 
Brandon Saad             0  0  0  -1  0   2  0  0  0  0  1/3    15:55   2:49   0:00 
Brock Nelson             0  0  0   0  0   3  0  0  0  0  0/1    22:40   2:49   2:36 
Carter Verhaeghe         0  0  0  -1  0   0  2  0  0  0  0/0    17:26   4:20   0:00 
Connor Murphy            0  1  1   1  0   1  1  1  0  0  0/0    16:29   1:00   2:08 
Derek Grant              1  0  1   1  0   1  0  0  0  0  2/6     7:03   0:00   0:00 
Dougie Hamilton          0  0  0   0  2   2  2  0  0  0  0/0    18:46   3:41   0:00 
Eetu Luostarinen         0  0  0   1  2   3  1  0  0  0  1/1    12:11   0:00   0:43 
Jordan Martinook         0  0  0   1  0   0  2  0  0  0  0/1     8:06   0:00   1:03 
Josh Morrissey           0  0  0   0  0   0  1  1  0  0  0/0    25:15   2:41   2:08 
Matt Irwin               0  2  2   1  0   0  0  0  0  0  0/0    14:10   0:49   0:00 
Matthew Tkachuk          0  1  1   0  0   5  5  0  0  0  0/0    21:35   4:20   0:00 
Ryan McDonagh            1  0  1   0  0   5  1  2  0  0  0/0    22:11   3:28   1:50 
Ryan McLeod              0  0  0   1  0   0  0  0  0  0  0/0     7:03   0:00   0:00 
Steven Stamkos           0  2  2   0  0   4  1  0  0  0  16/31  21:35   4:20   0:00 
Vincent Trocheck         0  0  0  -1  0   3  1  0  0  0  22/27  18:47   2:49   2:52 
Yegor Sharangovich       1  0  1   1  0   4  1  0  0  0  0/0    11:29   0:00   0:00 

Players Stats for COLORADO Avalanche

Player Name              G  A  P  +/- PIM S  H  SB GA TA FO     MP     PP MP  PK MP  
------------------------------------------------------------------------------------
Alex Iafallo             0  1  1   0  0   3  0  0  0  0  0/0    18:48   1:46   0:43 
Craig Smith              0  0  0  -1  0   0  0  0  0  0  1/4     4:56   0:00   0:00 
David Pastrnak           0  0  0   0  2   4  0  0  0  0  1/1    18:51   2:12   0:00 
Jake DeBrusk             0  0  0   0  0   4  3  0  0  0  0/1    23:28   2:12   4:36 
Jason Zucker             0  0  0   0  2   2  5  0  0  0  1/1    19:49   1:20   2:11 
Jeff Skinner             0  0  0   0  0   1  0  0  0  0  17/36  23:42   2:38   4:21 
Jordan Eberle            0  0  0   0  0   2  0  0  0  0  0/1    10:58   0:00   0:00 
Jordie Benn              0  0  0  -1  0   0  0  0  0  0  0/0    14:19   0:00   0:00 
Kris Russell             0  0  0  -1  0   0  0  0  0  0  0/0    15:05   0:00   1:38 
Mark Pysyk               0  0  0   1  0   0  0  1  0  0  0/0    20:58   1:46   3:35 
Nick Foligno             0  1  1  -1  0   3  0  0  0  0  9/16   15:51   0:00   0:00 
Oliver Ekman-Larsson     0  1  1  -1  0   0  3  3  0  0  0/0    24:59   2:12   3:50 
Tomas Nosek              0  0  0   0  0   3  2  0  0  0  0/0    10:58   0:00   0:00 
Trevor Zegras            1  0  1   0  0   2  1  0  0  0  5/27   20:32   1:46   2:27 
Tyler Johnson            0  0  0   0  0   0  0  0  0  0  0/0     0:00   0:00   0:00 
Tyson Barrie             1  0  1  -1  2   2  1  5  0  0  0/0    24:43   2:12   2:43 
Zach Aston-Reese         0  0  0  -1  0   0  1  0  0  0  1/2     4:56   0:00   0:00 
Zach Bogosian            0  1  1   1  2   2  4  2  0  0  0/0    19:54   1:46   2:32 

3 Stars

1 - Brady Skjei (FLO)
2 - Yegor Sharangovich (FLO)
3 - Matt Irwin (FLO)

Power Play

FLORIDA Panthers - 1 on 4 Attempt(s) - 25,00%
COLORADO Avalanche - 0 on 2 Attempt(s) - 0,00%

Penalty Kill

FLORIDA Panthers - 2 on 2 Attempt(s) - 100,00% - Score 0 goal in Penalty Kill
COLORADO Avalanche - 3 on 4 Attempt(s) - 75,00% - Score 0 goal in Penalty Kill

Team Stat

FLORIDA Panthers - Hits : 22 - Faceoff Wins : 54 - Blocked Shots : 4 - Penalty Minutes : 4
COLORADO Avalanche - Hits : 20 - Faceoff Wins : 35 - Blocked Shots : 11 - Penalty Minutes : 8

Official

Referees : Garrett Rank and Shauna Neary
Linesman : Steve Barton and Justin Johnson

Game Notes

No Game Note

Finance

Level 1 -- Attendance: 5195 (86,58%) -- Ticket Income $519,500
Level 2 -- Attendance: 4303 (86,06%) -- Ticket Income $258,180
Level 3 -- Attendance: 1915 (95,75%) -- Ticket Income $67,025
Level 4 -- Attendance: 2896 (72,40%) -- Ticket Income $72,400
Luxury Box -- Attendance: 875 (87,50%) -- Ticket Income $175,000
Game was played at the Pepsi Center.
Total Attendance: 15184 (84,36%)
Total Ticket Income: $1,092,105
Other Income: $273,026
Total Income: $1,365,131

FLORIDA Panthers

5 vs 5 Forward 
   Center                   Left Wing                Right Wing               Time % Phy DF OF 
 1 Steven Stamkos           Brock Nelson             Matthew Tkachuk          40     1   2  2  
 2 Vincent Trocheck         Carter Verhaeghe         Brandon Saad             30     1   2  2  
 3 Adam Henrique            Eetu Luostarinen         Yegor Sharangovich       20     1   2  2  
 4 Derek Grant              Ryan McLeod              Jordan Martinook         10     1   2  2  

5 vs 5 Defense 
   Defense                  Defense                                           Time % Phy DF OF 
 1 Josh Morrissey           Brady Skjei                                       40     1   2  2  
 2 Dougie Hamilton          Ryan McDonagh                                     30     1   2  2  
 3 Connor Murphy            Matt Irwin                                        20     1   2  2  
 4 Josh Morrissey           Ryan McDonagh                                     10     1   2  2  

PowerPlay Forward 
   Center                   Left Wing                Right Wing               Time % Phy DF OF 
 1 Steven Stamkos           Carter Verhaeghe         Matthew Tkachuk          60     1   1  3  
 2 Vincent Trocheck         Brock Nelson             Brandon Saad             40     1   1  3  

PowerPlay Defense
   Defense                  Defense                                           Time % Phy DF OF 
 1 Josh Morrissey           Dougie Hamilton                                   60     1   1  3  
 2 Brady Skjei              Ryan McDonagh                                     40     1   1  3  

Penalty Kill 4 Players Forward 
   Center                   Wing                     Time % Phy DF OF 
 1 Vincent Trocheck         Brock Nelson             60     1   3  1  
 2 Adam Henrique            Eetu Luostarinen         40     1   4  0  

Penalty Kill 4 Players Defense
   Defense                  Defense                  Time % Phy DF OF 
 1 Ryan McDonagh            Brady Skjei              60     1   3  1  
 2 Connor Murphy            Josh Morrissey           40     1   3  1  

Penalty Kill - 3 Players Forward 
   Forward                                           Time % Phy DF OF 
 1 Eetu Luostarinen                                  60     0   5  0  
 2 Vincent Trocheck                                  40     0   5  0  

Penalty Kill - 3 Players Defense
   Defense                  Defense                  Time % Phy DF OF 
 1 Connor Murphy            Ryan McDonagh            60     1   4  0  
 2 Brady Skjei              Josh Morrissey           40     1   4  0  

4 vs 4 Forward 
   Center                   Wing                     Time % Phy DF OF 
 1 Steven Stamkos           Matthew Tkachuk          60     1   2  2  
 2 Vincent Trocheck         Brock Nelson             40     1   2  2  

4 vs 4 Defense
   Defense                  Defense                  Time % Phy DF OF 
 1 Josh Morrissey           Ryan McDonagh            60     1   2  2  
 2 Brady Skjei              Dougie Hamilton          40     1   2  2  

Last Minutes Offensive
   Center                   Left Wing                Right Wing               Defense                  Defense                  
   Steven Stamkos           Carter Verhaeghe         Matthew Tkachuk          Josh Morrissey           Dougie Hamilton          

Last Minutes Defensive
   Center                   Left Wing                Right Wing               Defense                  Defense                  
   Vincent Trocheck         Brock Nelson             Brandon Saad             Ryan McDonagh            Brady Skjei              

Goaltenders
Starting : Darcy Kuemper            
Backup : Cayden Primeau           

Extra Forwards
Normal : Matthew Tkachuk, Steven Stamkos, Eetu Luostarinen - PP : Yegor Sharangovich, Adam Henrique - PK : Eetu Luostarinen
Extra Defensemen
Normal : Connor Murphy, Dougie Hamilton, Brady Skjei - PP : Dougie Hamilton - PK : Ryan McDonagh, Brady Skjei
Penalty Shots
Steven Stamkos, Matthew Tkachuk, Brock Nelson, Vincent Trocheck, Carter Verhaeghe

Scratches
None

COLORADO Avalanche

5 vs 5 Forward 
   Center                   Left Wing                Right Wing               Time % Phy DF OF 
 1 Jeff Skinner             Jake DeBrusk             David Pastrnak           40     1   2  2  
 2 Trevor Zegras            Alex Iafallo             Jason Zucker             30     1   2  2  
 3 Nick Foligno             Tomas Nosek              Jordan Eberle            20     1   2  2  
 4 Craig Smith              Zach Aston-Reese         Nick Foligno             10     1   2  2  

5 vs 5 Defense 
   Defense                  Defense                                           Time % Phy DF OF 
 1 Tyson Barrie             Oliver Ekman-Larsson                              40     1   2  2  
 2 Zach Bogosian            Mark Pysyk                                        30     1   2  2  
 3 Kris Russell             Jordie Benn                                       20     1   2  2  
 4 Tyson Barrie             Oliver Ekman-Larsson                              10     1   2  2  

PowerPlay Forward 
   Center                   Left Wing                Right Wing               Time % Phy DF OF 
 1 Jeff Skinner             Jake DeBrusk             David Pastrnak           60     1   2  2  
 2 Trevor Zegras            Alex Iafallo             Jeff Skinner             40     1   2  2  

PowerPlay Defense
   Defense                  Defense                                           Time % Phy DF OF 
 1 Tyson Barrie             Oliver Ekman-Larsson                              60     1   2  2  
 2 Zach Bogosian            Mark Pysyk                                        40     1   2  2  

Penalty Kill 4 Players Forward 
   Center                   Wing                     Time % Phy DF OF 
 1 Jeff Skinner             Jake DeBrusk             60     1   2  2  
 2 Trevor Zegras            Jason Zucker             40     1   2  2  

Penalty Kill 4 Players Defense
   Defense                  Defense                  Time % Phy DF OF 
 1 Tyson Barrie             Oliver Ekman-Larsson     60     1   2  2  
 2 Zach Bogosian            Mark Pysyk               40     1   2  2  

Penalty Kill - 3 Players Forward 
   Forward                                           Time % Phy DF OF 
 1 Jeff Skinner                                      60     1   2  2  
 2 Trevor Zegras                                     40     1   2  2  

Penalty Kill - 3 Players Defense
   Defense                  Defense                  Time % Phy DF OF 
 1 Tyson Barrie             Oliver Ekman-Larsson     60     1   2  2  
 2 Zach Bogosian            Mark Pysyk               40     1   2  2  

4 vs 4 Forward 
   Center                   Wing                     Time % Phy DF OF 
 1 Jeff Skinner             Jake DeBrusk             60     1   2  2  
 2 Trevor Zegras            Jason Zucker             40     1   2  2  

4 vs 4 Defense
   Defense                  Defense                  Time % Phy DF OF 
 1 Tyson Barrie             Oliver Ekman-Larsson     60     1   2  2  
 2 Zach Bogosian            Mark Pysyk               40     1   2  2  

Last Minutes Offensive
   Center                   Left Wing                Right Wing               Defense                  Defense                  
   Jeff Skinner             Jake DeBrusk             David Pastrnak           Tyson Barrie             Oliver Ekman-Larsson     

Last Minutes Defensive
   Center                   Left Wing                Right Wing               Defense                  Defense                  
   Jeff Skinner             Jake DeBrusk             David Pastrnak           Tyson Barrie             Oliver Ekman-Larsson     

Goaltenders
Starting : Jonathan Quick           
Backup : Magnus Hellberg          

Extra Forwards
Normal : Jason Zucker, Alex Iafallo, Trevor Zegras - PP : Jason Zucker, Alex Iafallo - PK : Jason Zucker
Extra Defensemen
Normal : Mark Pysyk, Kris Russell, Jordie Benn - PP : Mark Pysyk - PK : Mark Pysyk, Kris Russell
Penalty Shots
David Pastrnak, Jeff Skinner, Jake DeBrusk, Jordan Eberle, Jason Zucker

Scratches
None


% Time on Ice - FLORIDA Panthers

Lines # - Real PCT - Wanted PCT - Time Play
Normal Forward
1 - 35% - 40% - 17:15
2 - 27% - 30% - 13:06
3 - 23% - 20% - 11:29
4 - 14% - 10% - 7:03
Normal Defense
1 - 38% - 40% - 18:39
2 - 30% - 30% - 14:52
3 - 27% - 20% - 13:21
4 - 4% - 10% - 2:01
PP Forward
1 - 61% - 60% - 4:20
2 - 39% - 40% - 2:49
PP Defense
1 - 52% - 60% - 3:41
2 - 48% - 40% - 3:28
PK Forward
1 - 82% - 60% - 3:16
2 - 18% - 40% - 0:42
PK Defense
1 - 46% - 60% - 1:50
2 - 54% - 40% - 2:08
PK3 Forward
1 - 0% - 60%
2 - 0% - 40%
PK3 Defense
1 - 0% - 60%
2 - 0% - 40%
44 Forward
1 - 0% - 60%
2 - 0% - 40%
44 Defense
1 - 0% - 60%
2 - 0% - 40%
Last Minute Offensive  - 0:00
Last Minute Defensive  - 0:00
Total
Forward - 60:00
Defense - 60:00

% Time on Ice - COLORADO Avalanche

Lines # - Real PCT - Wanted PCT - Time Play
Normal Forward
1 - 34% - 40% - 16:40
2 - 33% - 30% - 16:19
3 - 22% - 20% - 10:58
4 - 10% - 10% - 4:56
Normal Defense
1 - 38% - 40% - 18:42
2 - 32% - 30% - 15:37
3 - 28% - 20% - 13:27
4 - 2% - 10% - 1:07
PP Forward
1 - 55% - 60% - 2:12
2 - 45% - 40% - 1:46
PP Defense
1 - 55% - 60% - 2:12
2 - 45% - 40% - 1:46
PK Forward
1 - 66% - 60% - 4:42
2 - 34% - 40% - 2:27
PK Defense
1 - 54% - 60% - 3:50
2 - 46% - 40% - 3:19
PK3 Forward
1 - 0% - 60%
2 - 0% - 40%
PK3 Defense
1 - 0% - 60%
2 - 0% - 40%
44 Forward
1 - 0% - 60%
2 - 0% - 40%
44 Defense
1 - 0% - 60%
2 - 0% - 40%
Last Minute Offensive  - 0:00
Last Minute Defensive  - 0:00
Total
Forward - 60:00
Defense - 60:00

Play-by-Play

1st period


0:01 of 1st period - Steven Stamkos wins face-off versus Jeff Skinner in neutral zone.
0:05 of 1st period - Icing by Tyson Barrie.
0:06 of 1st period - Vincent Trocheck wins face-off versus Jeff Skinner in COLORADO Avalanche zone.
0:16 of 1st period - Icing by Jeff Skinner.
0:17 of 1st period - Jeff Skinner wins face-off versus Adam Henrique in COLORADO Avalanche zone.
1:14 of 1st period - Jeff Skinner is hit by Matthew Tkachuk and loses puck.
1:48 of 1st period - Mark Pysyk is hit by Matthew Tkachuk and loses puck.
2:03 of 1st period - Shot by Trevor Zegras.
2:03 of 1st period - Shot Misses the Net.
2:05 of 1st period - Shot by Alex Iafallo.
2:05 of 1st period - Shot Misses the Net.
2:37 of 1st period - Shot by Jordan Eberle.
2:37 of 1st period - Shot Misses the Net.
2:39 of 1st period - Shot by Tomas Nosek.
2:39 of 1st period - Shot Blocked by Ryan McDonagh.
2:41 of 1st period - Shot by Jordan Eberle.
2:41 of 1st period - Shot Misses the Net.
2:43 of 1st period - Shot by Tomas Nosek.
2:43 of 1st period - Stopped by Darcy Kuemper without a rebound.
2:44 of 1st period - Nick Foligno wins face-off versus Derek Grant in FLORIDA Panthers zone.
2:44 of 1st period - Craig Smith is hit by Connor Murphy.
2:58 of 1st period - Shot by Derek Grant.
2:58 of 1st period - Goal by Derek Grant - FLORIDA Panthers : 1 - COLORADO Avalanche : 0.
2:59 of 1st period - Jeff Skinner wins face-off versus Brandon Saad in neutral zone.
3:32 of 1st period - Shot by Carter Verhaeghe.
3:32 of 1st period - Shot Misses the Net.
3:51 of 1st period - Minor Penalty to Jason Zucker for Roughing.
3:52 of 1st period - Steven Stamkos wins face-off versus Jeff Skinner in COLORADO Avalanche zone.
4:05 of 1st period - Tyson Barrie is hit by Steven Stamkos and loses puck.
4:12 of 1st period - Shot by Matthew Tkachuk.
4:12 of 1st period - Stopped by Jonathan Quick without a rebound.
4:13 of 1st period - Vincent Trocheck wins face-off versus Trevor Zegras in COLORADO Avalanche zone.
4:20 of 1st period - Shot by Brady Skjei.
4:20 of 1st period - Shot Misses the Net.
4:22 of 1st period - Shot by Brady Skjei.
4:22 of 1st period - Shot Misses the Net.
4:24 of 1st period - Shot by Ryan McDonagh.
4:24 of 1st period - Stopped by Jonathan Quick without a rebound.
4:25 of 1st period - Jeff Skinner wins face-off versus Steven Stamkos in COLORADO Avalanche zone.
4:33 of 1st period - Icing by Matthew Tkachuk.
4:34 of 1st period - Steven Stamkos wins face-off versus Jeff Skinner in FLORIDA Panthers zone.
5:01 of 1st period - Shot by Brady Skjei.
5:01 of 1st period - Shot Misses the Net.
5:03 of 1st period - Shot by Ryan McDonagh.
5:03 of 1st period - Goal by Ryan McDonagh - FLORIDA Panthers : 2 - COLORADO Avalanche : 0.
5:04 of 1st period - Nick Foligno wins face-off versus Derek Grant in neutral zone.
5:11 of 1st period - Shot by Jordan Eberle.
5:11 of 1st period - Shot Misses the Net.
5:37 of 1st period - Shot by Nick Foligno.
5:37 of 1st period - Shot Blocked by Connor Murphy.
5:39 of 1st period - Shot by Tyson Barrie.
5:39 of 1st period - Goal by Tyson Barrie - FLORIDA Panthers : 2 - COLORADO Avalanche : 1.
5:40 of 1st period - Adam Henrique wins face-off versus Trevor Zegras in neutral zone.
5:45 of 1st period - Shot by Trevor Zegras.
5:45 of 1st period - Deflect By Alex Iafallo.
5:45 of 1st period - Shot Misses the Net.
5:47 of 1st period - Shot by Jason Zucker.
5:47 of 1st period - Shot Misses the Net.
5:49 of 1st period - Shot by Jason Zucker.
5:49 of 1st period - Shot Blocked by Josh Morrissey.
5:51 of 1st period - Shot by Jason Zucker.
5:51 of 1st period - Deflect By Alex Iafallo.
5:51 of 1st period - Stopped by Darcy Kuemper with a rebound.
5:53 of 1st period - Shot by Alex Iafallo.
5:53 of 1st period - Shot Misses the Net.
6:35 of 1st period - Shot by Steven Stamkos.
6:35 of 1st period - Stopped by Jonathan Quick without a rebound.
6:36 of 1st period - Steven Stamkos wins face-off versus Jeff Skinner in COLORADO Avalanche zone.
6:41 of 1st period - Shot by Brock Nelson.
6:41 of 1st period - Deflect By Matthew Tkachuk.
6:41 of 1st period - Shot Misses the Net.
6:43 of 1st period - Shot by Ryan McDonagh.
6:43 of 1st period - Stopped by Jonathan Quick without a rebound.
6:44 of 1st period - Jeff Skinner wins face-off versus Steven Stamkos in COLORADO Avalanche zone.
6:59 of 1st period - Shot by Matthew Tkachuk.
6:59 of 1st period - Stopped by Jonathan Quick without a rebound.
7:00 of 1st period - Vincent Trocheck wins face-off versus Craig Smith in COLORADO Avalanche zone.
7:00 of 1st period - Connor Murphy is hit by Zach Bogosian and loses puck.
7:09 of 1st period - Shot by Zach Bogosian.
7:09 of 1st period - Stopped by Darcy Kuemper without a rebound.
7:10 of 1st period - David Pastrnak wins face-off versus Steven Stamkos in FLORIDA Panthers zone.
7:23 of 1st period - Shot by David Pastrnak.
7:23 of 1st period - Deflect By Jeff Skinner.
7:23 of 1st period - Stopped by Darcy Kuemper without a rebound.
7:24 of 1st period - Vincent Trocheck wins face-off versus Trevor Zegras in FLORIDA Panthers zone.
7:29 of 1st period - Shot by Brandon Saad.
7:29 of 1st period - Shot Misses the Net.
7:49 of 1st period - Shot by Carter Verhaeghe.
7:49 of 1st period - Shot Blocked by Mark Pysyk.
8:00 of 1st period - Shot by Alex Iafallo.
8:00 of 1st period - Deflect By Trevor Zegras.
8:00 of 1st period - Goal by Trevor Zegras - FLORIDA Panthers : 2 - COLORADO Avalanche : 2.
8:01 of 1st period - Steven Stamkos wins face-off versus Jeff Skinner in neutral zone.
8:28 of 1st period - Shot by Matthew Tkachuk.
8:28 of 1st period - Shot Misses the Net.
8:36 of 1st period - David Pastrnak is hit by Ryan McDonagh and loses puck.
8:50 of 1st period - Ryan McDonagh is hit by Oliver Ekman-Larsson and loses puck.
9:47 of 1st period - Icing by Brady Skjei.
9:48 of 1st period - Vincent Trocheck wins face-off versus Trevor Zegras in FLORIDA Panthers zone.
9:48 of 1st period - Vincent Trocheck is hit by Jason Zucker.
11:28 of 1st period - Shot by Derek Grant.
11:28 of 1st period - Shot Misses the Net.
11:50 of 1st period - Shot by Jordan Martinook.
11:50 of 1st period - Shot Misses the Net.
12:59 of 1st period - Alex Iafallo is hit by Jordan Martinook and loses puck.
13:32 of 1st period - Shot by Alex Iafallo.
13:32 of 1st period - Shot Misses the Net.
13:35 of 1st period - Icing by Josh Morrissey.
13:36 of 1st period - Nick Foligno wins face-off versus Steven Stamkos in FLORIDA Panthers zone.
13:38 of 1st period - Tomas Nosek is hit by Josh Morrissey and loses puck.
13:51 of 1st period - Shot by Steven Stamkos.
13:51 of 1st period - Stopped by Jonathan Quick without a rebound.
13:52 of 1st period - Vincent Trocheck wins face-off versus Jeff Skinner in COLORADO Avalanche zone.
14:02 of 1st period - Icing by Zach Bogosian.
14:03 of 1st period - Jeff Skinner wins face-off versus Steven Stamkos in COLORADO Avalanche zone.
14:03 of 1st period - Jeff Skinner is hit by Matthew Tkachuk.
14:41 of 1st period - Shot by Steven Stamkos.
14:41 of 1st period - Shot Misses the Net.
14:43 of 1st period - Shot by Matthew Tkachuk.
14:43 of 1st period - Stopped by Jonathan Quick without a rebound.
14:44 of 1st period - Vincent Trocheck wins face-off versus Nick Foligno in COLORADO Avalanche zone.
15:07 of 1st period - Shot by Vincent Trocheck.
15:07 of 1st period - Shot Blocked by Tyson Barrie.
15:09 of 1st period - Shot by Connor Murphy.
15:09 of 1st period - Stopped by Jonathan Quick without a rebound.
15:10 of 1st period - Adam Henrique wins face-off versus Trevor Zegras in COLORADO Avalanche zone.
15:51 of 1st period - Shot by Jason Zucker.
15:51 of 1st period - Deflect By Alex Iafallo.
15:51 of 1st period - Shot Misses the Net.
15:58 of 1st period - Icing by Josh Morrissey.
15:59 of 1st period - Nick Foligno wins face-off versus Adam Henrique in FLORIDA Panthers zone.
16:48 of 1st period - Oliver Ekman-Larsson is hit by Yegor Sharangovich.
16:55 of 1st period - Minor Penalty to David Pastrnak for Roughing.
16:56 of 1st period - Jeff Skinner wins face-off versus Steven Stamkos in COLORADO Avalanche zone.
17:20 of 1st period - Icing by Dougie Hamilton.
17:21 of 1st period - Steven Stamkos wins face-off versus Jeff Skinner in FLORIDA Panthers zone.
17:21 of 1st period - Steven Stamkos is hit by Jake DeBrusk.
17:26 of 1st period - Dougie Hamilton is hit by Zach Bogosian and loses puck.
17:41 of 1st period - Shot by Matthew Tkachuk.
17:41 of 1st period - Shot Blocked by Zach Bogosian.
17:43 of 1st period - Shot by Connor Murphy.
17:43 of 1st period - Shot Misses the Net.
17:45 of 1st period - Shot by Connor Murphy.
17:45 of 1st period - Shot Misses the Net.
18:31 of 1st period - Shot by Ryan McDonagh.
18:31 of 1st period - Shot Misses the Net.
18:40 of 1st period - Shot by Ryan McDonagh.
18:40 of 1st period - Shot Hit the Post.
18:58 of 1st period - Shot by Steven Stamkos.
18:58 of 1st period - Stopped by Jonathan Quick with a rebound.
19:00 of 1st period - Shot by Brady Skjei.
19:00 of 1st period - Goal by Brady Skjei - FLORIDA Panthers : 3 - COLORADO Avalanche : 2.
19:01 of 1st period - Derek Grant wins face-off versus Jordan Eberle in neutral zone.
19:03 of 1st period - Off-side.
19:04 of 1st period - Nick Foligno wins face-off versus Adam Henrique in neutral zone.
19:25 of 1st period - Shot by Jordan Eberle.
19:25 of 1st period - Shot Misses the Net.
19:55 of 1st period - Shot by Brock Nelson.
19:55 of 1st period - Shot Misses the Net.
19:57 of 1st period - Shot by Brock Nelson.
19:57 of 1st period - Stopped by Jonathan Quick with a rebound.
19:59 of 1st period - Shot by Ryan McDonagh.
19:59 of 1st period - Stopped by Jonathan Quick without a rebound.
Goals for this period are 3 for FLORIDA Panthers vs 2 for COLORADO Avalanche.
Shots for this period are 14 for FLORIDA Panthers vs 6 for COLORADO Avalanche.

2nd period


0:01 of 2nd period - Jeff Skinner wins face-off versus Brock Nelson in neutral zone.
0:06 of 2nd period - Shot by Jeff Skinner.
0:06 of 2nd period - Shot Misses the Net.
0:53 of 2nd period - Icing by Matthew Tkachuk.
0:54 of 2nd period - Steven Stamkos wins face-off versus Trevor Zegras in FLORIDA Panthers zone.
1:16 of 2nd period - Icing by Ryan McDonagh.
1:17 of 2nd period - Zach Aston-Reese wins face-off versus Steven Stamkos in FLORIDA Panthers zone.
1:20 of 2nd period - Shot by Craig Smith.
1:20 of 2nd period - Deflect By Nick Foligno.
1:20 of 2nd period - Shot Misses the Net.
2:35 of 2nd period - Shot by Yegor Sharangovich.
2:35 of 2nd period - Stopped by Jonathan Quick without a rebound.
2:36 of 2nd period - Jeff Skinner wins face-off versus Jordan Martinook in COLORADO Avalanche zone.
2:57 of 2nd period - Shot by Jake DeBrusk.
2:57 of 2nd period - Stopped by Darcy Kuemper with a rebound.
3:44 of 2nd period - Dougie Hamilton is hit by Jason Zucker and loses puck.
4:14 of 2nd period - Shot by Trevor Zegras.
4:14 of 2nd period - Stopped by Darcy Kuemper without a rebound.
4:15 of 2nd period - Steven Stamkos wins face-off versus Nick Foligno in FLORIDA Panthers zone.
4:15 of 2nd period - Steven Stamkos is hit by Tomas Nosek.
5:37 of 2nd period - Shot by Brandon Saad.
5:37 of 2nd period - Stopped by Jonathan Quick without a rebound.
5:38 of 2nd period - Adam Henrique wins face-off versus Jeff Skinner in COLORADO Avalanche zone.
5:49 of 2nd period - Shot by Jake DeBrusk.
5:49 of 2nd period - Deflect By David Pastrnak.
5:49 of 2nd period - Stopped by Darcy Kuemper without a rebound.
5:50 of 2nd period - Trevor Zegras wins face-off versus Derek Grant in FLORIDA Panthers zone.
6:07 of 2nd period - Shot by Ryan McLeod.
6:07 of 2nd period - Shot Blocked by Oliver Ekman-Larsson.
6:18 of 2nd period - Icing by Jason Zucker.
6:19 of 2nd period - Steven Stamkos wins face-off versus Trevor Zegras in COLORADO Avalanche zone.
6:19 of 2nd period - Brock Nelson is hit by Oliver Ekman-Larsson and loses puck.
6:30 of 2nd period - Shot by Trevor Zegras.
6:30 of 2nd period - Shot Misses the Net.
6:37 of 2nd period - Matt Irwin is hit by Jason Zucker and loses puck.
7:02 of 2nd period - Shot by Steven Stamkos.
7:02 of 2nd period - Stopped by Jonathan Quick with a rebound.
7:36 of 2nd period - Shot by Jake DeBrusk.
7:36 of 2nd period - Stopped by Darcy Kuemper without a rebound.
7:37 of 2nd period - Nick Foligno wins face-off versus Vincent Trocheck in FLORIDA Panthers zone.
8:07 of 2nd period - Shot by Brandon Saad.
8:07 of 2nd period - Stopped by Jonathan Quick without a rebound.
8:08 of 2nd period - Adam Henrique wins face-off versus Jeff Skinner in COLORADO Avalanche zone.
8:11 of 2nd period - Shot by Eetu Luostarinen.
8:11 of 2nd period - Stopped by Jonathan Quick without a rebound.
8:12 of 2nd period - Jeff Skinner wins face-off versus Adam Henrique in COLORADO Avalanche zone.
8:34 of 2nd period - Icing by Mark Pysyk.
8:35 of 2nd period - Jeff Skinner wins face-off versus Steven Stamkos in COLORADO Avalanche zone.
8:45 of 2nd period - Jake DeBrusk is hit by Brady Skjei.
9:12 of 2nd period - Zach Bogosian is hit by Brady Skjei and loses puck.
9:16 of 2nd period - Icing by Josh Morrissey.
9:17 of 2nd period - Trevor Zegras wins face-off versus Steven Stamkos in FLORIDA Panthers zone.
9:23 of 2nd period - Alex Iafallo is hit by Brady Skjei and loses puck.
9:52 of 2nd period - Off-side.
9:53 of 2nd period - Nick Foligno wins face-off versus Vincent Trocheck in neutral zone.
10:08 of 2nd period - Shot by Tomas Nosek.
10:08 of 2nd period - Stopped by Darcy Kuemper with a rebound.
10:20 of 2nd period - Shot by Nick Foligno.
10:20 of 2nd period - Stopped by Darcy Kuemper without a rebound.
10:21 of 2nd period - Adam Henrique wins face-off versus Jeff Skinner in FLORIDA Panthers zone.
10:50 of 2nd period - Shot by Yegor Sharangovich.
10:50 of 2nd period - Stopped by Jonathan Quick with a rebound.
10:56 of 2nd period - Shot by Eetu Luostarinen.
10:56 of 2nd period - Stopped by Jonathan Quick without a rebound.
10:57 of 2nd period - Trevor Zegras wins face-off versus Brandon Saad in COLORADO Avalanche zone.
11:03 of 2nd period - Icing by Zach Bogosian.
11:04 of 2nd period - Jason Zucker wins face-off versus Steven Stamkos in COLORADO Avalanche zone.
11:06 of 2nd period - Icing by Alex Iafallo.
11:07 of 2nd period - Vincent Trocheck wins face-off versus Trevor Zegras in COLORADO Avalanche zone.
11:32 of 2nd period - Shot by Jason Zucker.
11:32 of 2nd period - Shot Misses the Net.
12:40 of 2nd period - Shot by Jeff Skinner.
12:40 of 2nd period - Shot Misses the Net.
13:00 of 2nd period - Shot by Jake DeBrusk.
13:00 of 2nd period - Stopped by Darcy Kuemper without a rebound.
13:01 of 2nd period - Adam Henrique wins face-off versus Craig Smith in FLORIDA Panthers zone.
13:06 of 2nd period - Craig Smith is hit by Eetu Luostarinen.
13:11 of 2nd period - Minor Penalty to Eetu Luostarinen for Interference.
13:12 of 2nd period - Vincent Trocheck wins face-off versus Jeff Skinner in FLORIDA Panthers zone.
13:12 of 2nd period - Vincent Trocheck is hit by Jake DeBrusk.
13:19 of 2nd period - Icing by Jake DeBrusk.
13:20 of 2nd period - Jeff Skinner wins face-off versus Vincent Trocheck in COLORADO Avalanche zone.
13:36 of 2nd period - Shot by Tyson Barrie.
13:36 of 2nd period - Stopped by Darcy Kuemper without a rebound.
13:37 of 2nd period - Vincent Trocheck wins face-off versus Trevor Zegras in FLORIDA Panthers zone.
13:37 of 2nd period - Vincent Trocheck is hit by Trevor Zegras.
14:03 of 2nd period - Trevor Zegras is hit by Vincent Trocheck and loses puck.
14:49 of 2nd period - Shot by Jason Zucker.
14:49 of 2nd period - Shot Misses the Net.
14:51 of 2nd period - Shot by David Pastrnak.
14:51 of 2nd period - Stopped by Darcy Kuemper with a rebound.
14:53 of 2nd period - Shot by Jake DeBrusk.
14:53 of 2nd period - Deflect By David Pastrnak.
14:53 of 2nd period - Shot Misses the Net.
15:23 of 2nd period - Shot by Yegor Sharangovich.
15:23 of 2nd period - Stopped by Jonathan Quick without a rebound.
15:24 of 2nd period - Eetu Luostarinen wins face-off versus Zach Aston-Reese in COLORADO Avalanche zone.
15:37 of 2nd period - Shot by Nick Foligno.
15:37 of 2nd period - Stopped by Darcy Kuemper without a rebound.
15:38 of 2nd period - Steven Stamkos wins face-off versus Nick Foligno in FLORIDA Panthers zone.
15:38 of 2nd period - Steven Stamkos is hit by Tomas Nosek.
15:43 of 2nd period - Minor Penalty to Zach Bogosian for Interference.
15:44 of 2nd period - Jeff Skinner wins face-off versus Steven Stamkos in COLORADO Avalanche zone.
15:59 of 2nd period - Shot by Josh Morrissey.
15:59 of 2nd period - Shot Blocked by Tyson Barrie.
16:05 of 2nd period - Shot by Dougie Hamilton.
16:05 of 2nd period - Stopped by Jonathan Quick with a rebound.
16:07 of 2nd period - Shot by Dougie Hamilton.
16:07 of 2nd period - Shot Misses the Net.
16:09 of 2nd period - Shot by Dougie Hamilton.
16:09 of 2nd period - Shot Blocked by Tyson Barrie.
16:51 of 2nd period - Shot by Ryan McDonagh.
16:51 of 2nd period - Deflect By Vincent Trocheck.
16:51 of 2nd period - Stopped by Jonathan Quick with a rebound.
16:53 of 2nd period - Shot by Vincent Trocheck.
16:53 of 2nd period - Stopped by Jonathan Quick with a rebound.
16:55 of 2nd period - Shot by Ryan McDonagh.
16:55 of 2nd period - Stopped by Jonathan Quick without a rebound.
16:56 of 2nd period - Vincent Trocheck wins face-off versus Trevor Zegras in COLORADO Avalanche zone.
16:57 of 2nd period - Shot by Brock Nelson.
16:57 of 2nd period - Stopped by Jonathan Quick without a rebound.
16:58 of 2nd period - Vincent Trocheck wins face-off versus Trevor Zegras in COLORADO Avalanche zone.
17:27 of 2nd period - Shot by Brock Nelson.
17:27 of 2nd period - Shot Misses the Net.
17:29 of 2nd period - Shot by Brady Skjei.
17:29 of 2nd period - Stopped by Jonathan Quick without a rebound.
17:30 of 2nd period - Trevor Zegras wins face-off versus Steven Stamkos in COLORADO Avalanche zone.
17:52 of 2nd period - Off-side.
17:53 of 2nd period - Trevor Zegras wins face-off versus Derek Grant in neutral zone.
17:56 of 2nd period - Shot by Alex Iafallo.
17:56 of 2nd period - Stopped by Darcy Kuemper with a rebound.
18:04 of 2nd period - Trevor Zegras is hit by Jordan Martinook and loses puck.
18:10 of 2nd period - Derek Grant is hit by Zach Bogosian and loses puck.
18:21 of 2nd period - Shot by Jason Zucker.
18:21 of 2nd period - Shot Misses the Net.
19:06 of 2nd period - Icing by Josh Morrissey.
19:07 of 2nd period - Jeff Skinner wins face-off versus Steven Stamkos in FLORIDA Panthers zone.
19:08 of 2nd period - Shot by Jake DeBrusk.
19:08 of 2nd period - Stopped by Darcy Kuemper with a rebound.
19:10 of 2nd period - Shot by Jeff Skinner.
19:10 of 2nd period - Shot Misses the Net.
19:21 of 2nd period - Icing by Josh Morrissey.
19:22 of 2nd period - Steven Stamkos wins face-off versus Nick Foligno in FLORIDA Panthers zone.
19:35 of 2nd period - Shot by Brock Nelson.
19:35 of 2nd period - Stopped by Jonathan Quick with a rebound.
19:37 of 2nd period - Shot by Brady Skjei.
19:37 of 2nd period - Stopped by Jonathan Quick without a rebound.
19:38 of 2nd period - Vincent Trocheck wins face-off versus Jeff Skinner in COLORADO Avalanche zone.
19:51 of 2nd period - Shot by Vincent Trocheck.
19:51 of 2nd period - Shot Misses the Net.
19:53 of 2nd period - Shot by Dougie Hamilton.
19:53 of 2nd period - Stopped by Jonathan Quick without a rebound.
19:54 of 2nd period - Adam Henrique wins face-off versus Trevor Zegras in COLORADO Avalanche zone.
19:57 of 2nd period - Shot by Yegor Sharangovich.
19:57 of 2nd period - Goal by Yegor Sharangovich - FLORIDA Panthers : 4 - COLORADO Avalanche : 2.
19:58 of 2nd period - Brandon Saad wins face-off versus Jeff Skinner in neutral zone.
Goals for this period are 1 for FLORIDA Panthers vs 0 for COLORADO Avalanche.
Shots for this period are 18 for FLORIDA Panthers vs 12 for COLORADO Avalanche.

3rd period


0:01 of 3rd period - Vincent Trocheck wins face-off versus Jake DeBrusk in neutral zone.
0:18 of 3rd period - Shot by Carter Verhaeghe.
0:18 of 3rd period - Deflect By Brandon Saad.
0:18 of 3rd period - Shot Blocked by Tyson Barrie.
0:21 of 3rd period - Icing by Tyson Barrie.
0:22 of 3rd period - Jeff Skinner wins face-off versus Steven Stamkos in COLORADO Avalanche zone.
1:19 of 3rd period - Shot by Jason Zucker.
1:19 of 3rd period - Stopped by Darcy Kuemper without a rebound.
1:20 of 3rd period - Vincent Trocheck wins face-off versus Nick Foligno in FLORIDA Panthers zone.
1:25 of 3rd period - Tomas Nosek is hit by Carter Verhaeghe and loses puck.
1:32 of 3rd period - Shot by Tomas Nosek.
1:32 of 3rd period - Deflect By Jordan Eberle.
1:32 of 3rd period - Stopped by Darcy Kuemper without a rebound.
1:33 of 3rd period - Adam Henrique wins face-off versus Trevor Zegras in FLORIDA Panthers zone.
1:33 of 3rd period - Adam Henrique is hit by Jason Zucker.
1:36 of 3rd period - Connor Murphy is hit by Jason Zucker and loses puck.
1:46 of 3rd period - Adam Henrique is hit by Zach Bogosian.
1:55 of 3rd period - Off-side.
1:56 of 3rd period - Jeff Skinner wins face-off versus Vincent Trocheck in neutral zone.
3:06 of 3rd period - Shot by Jason Zucker.
3:06 of 3rd period - Stopped by Darcy Kuemper without a rebound.
3:07 of 3rd period - Nick Foligno wins face-off versus Adam Henrique in FLORIDA Panthers zone.
3:07 of 3rd period - Nick Foligno is hit by Dougie Hamilton.
3:09 of 3rd period - Shot by Jordan Eberle.
3:09 of 3rd period - Shot Misses the Net.
3:13 of 3rd period - Shot by Nick Foligno.
3:13 of 3rd period - Shot Misses the Net.
3:15 of 3rd period - Shot by Nick Foligno.
3:15 of 3rd period - Shot Blocked by Ryan McDonagh.
3:17 of 3rd period - Shot by Tomas Nosek.
3:17 of 3rd period - Stopped by Darcy Kuemper without a rebound.
3:17 of 3rd period - Minor Penalty to Dougie Hamilton for Slashing.
3:18 of 3rd period - Vincent Trocheck wins face-off versus Trevor Zegras in FLORIDA Panthers zone.
3:33 of 3rd period - Shot by Alex Iafallo.
3:33 of 3rd period - Shot Misses the Net.
3:41 of 3rd period - Shot by Zach Bogosian.
3:41 of 3rd period - Stopped by Darcy Kuemper without a rebound.
3:42 of 3rd period - Vincent Trocheck wins face-off versus Jeff Skinner in FLORIDA Panthers zone.
3:42 of 3rd period - Vincent Trocheck is hit by Jake DeBrusk.
4:24 of 3rd period - Icing by Jeff Skinner.
4:25 of 3rd period - Vincent Trocheck wins face-off versus Jeff Skinner in COLORADO Avalanche zone.
4:47 of 3rd period - Off-side.
4:48 of 3rd period - Adam Henrique wins face-off versus Trevor Zegras in neutral zone.
5:07 of 3rd period - Shot by Mark Pysyk.
5:07 of 3rd period - Shot Misses the Net.
5:27 of 3rd period - Shot by Ryan McLeod.
5:27 of 3rd period - Shot Misses the Net.
5:53 of 3rd period - Shot by Tomas Nosek.
5:53 of 3rd period - Shot Misses the Net.
5:55 of 3rd period - Shot by Nick Foligno.
5:55 of 3rd period - Shot Misses the Net.
5:57 of 3rd period - Shot by Kris Russell.
5:57 of 3rd period - Deflect By Nick Foligno.
5:57 of 3rd period - Shot Misses the Net.
6:26 of 3rd period - Dougie Hamilton is hit by Oliver Ekman-Larsson and loses puck.
6:29 of 3rd period - Shot by Eetu Luostarinen.
6:29 of 3rd period - Stopped by Jonathan Quick with a rebound.
6:30 of 3rd period - Minor Penalty to Tyson Barrie for Tripping.
6:31 of 3rd period - Jeff Skinner wins face-off versus Steven Stamkos in COLORADO Avalanche zone.
7:33 of 3rd period - Shot by Brock Nelson.
7:33 of 3rd period - Shot Blocked by Zach Bogosian.
7:35 of 3rd period - Shot by Vincent Trocheck.
7:35 of 3rd period - Shot Misses the Net.
7:49 of 3rd period - Shot by Vincent Trocheck.
7:49 of 3rd period - Shot Misses the Net.
7:59 of 3rd period - Shot by Brock Nelson.
7:59 of 3rd period - Shot Misses the Net.
8:14 of 3rd period - Icing by Dougie Hamilton.
8:15 of 3rd period - Steven Stamkos wins face-off versus Trevor Zegras in FLORIDA Panthers zone.
8:43 of 3rd period - Icing by Tyson Barrie.
8:44 of 3rd period - Derek Grant wins face-off versus Nick Foligno in COLORADO Avalanche zone.
8:45 of 3rd period - Shot by Jordan Martinook.
8:45 of 3rd period - Shot Misses the Net.
9:21 of 3rd period - Shot by Jordan Eberle.
9:21 of 3rd period - Stopped by Darcy Kuemper without a rebound.
9:22 of 3rd period - Steven Stamkos wins face-off versus Trevor Zegras in FLORIDA Panthers zone.
9:37 of 3rd period - Trevor Zegras is hit by Matthew Tkachuk and loses puck.
10:05 of 3rd period - Trevor Zegras is hit by Matthew Tkachuk and loses puck.
10:17 of 3rd period - Alex Iafallo is hit by Dougie Hamilton and loses puck.
10:48 of 3rd period - Shot by Brandon Saad.
10:48 of 3rd period - Shot Misses the Net.
10:56 of 3rd period - Shot by Vincent Trocheck.
10:56 of 3rd period - Stopped by Jonathan Quick without a rebound.
10:57 of 3rd period - Adam Henrique wins face-off versus Jeff Skinner in COLORADO Avalanche zone.
10:57 of 3rd period - Adam Henrique is hit by Tyson Barrie.
12:21 of 3rd period - Shot by Matthew Tkachuk.
12:21 of 3rd period - Stopped by Jonathan Quick without a rebound.
12:22 of 3rd period - Nick Foligno wins face-off versus Vincent Trocheck in COLORADO Avalanche zone.
13:39 of 3rd period - Icing by Jordan Eberle.
13:40 of 3rd period - Adam Henrique wins face-off versus Nick Foligno in COLORADO Avalanche zone.
14:10 of 3rd period - Shot by David Pastrnak.
14:10 of 3rd period - Stopped by Darcy Kuemper without a rebound.
14:11 of 3rd period - Steven Stamkos wins face-off versus Trevor Zegras in FLORIDA Panthers zone.
14:19 of 3rd period - Icing by Alex Iafallo.
14:20 of 3rd period - Steven Stamkos wins face-off versus Trevor Zegras in COLORADO Avalanche zone.
14:34 of 3rd period - Shot by Alex Iafallo.
14:34 of 3rd period - Shot Misses the Net.
14:37 of 3rd period - Alex Iafallo is hit by Brady Skjei.
14:48 of 3rd period - Off-side.
14:49 of 3rd period - Vincent Trocheck wins face-off versus Jeff Skinner in neutral zone.
15:44 of 3rd period - Shot by Matthew Tkachuk.
15:44 of 3rd period - Deflect By Brock Nelson.
15:44 of 3rd period - Shot Blocked by Tyson Barrie.
15:46 of 3rd period - Shot by Brock Nelson.
15:46 of 3rd period - Shot Blocked by Oliver Ekman-Larsson.
15:58 of 3rd period - Shot by Steven Stamkos.
15:58 of 3rd period - Shot Misses the Net.
16:02 of 3rd period - Shot by Brock Nelson.
16:02 of 3rd period - Shot Blocked by Oliver Ekman-Larsson.
17:04 of 3rd period - Icing by Zach Bogosian.
17:05 of 3rd period - Vincent Trocheck wins face-off versus Trevor Zegras in COLORADO Avalanche zone.
18:00 of 3rd period - Nick Foligno is hit by Carter Verhaeghe and loses puck.
18:12 of 3rd period - Icing by Dougie Hamilton.
18:13 of 3rd period - Vincent Trocheck wins face-off versus Trevor Zegras in FLORIDA Panthers zone.
18:42 of 3rd period - Shot by Trevor Zegras.
18:42 of 3rd period - Shot Hit the Post.
18:55 of 3rd period - Icing by Tyson Barrie.
18:56 of 3rd period - Jeff Skinner wins face-off versus Adam Henrique in COLORADO Avalanche zone.
19:01 of 3rd period - Shot by David Pastrnak.
19:01 of 3rd period - Stopped by Darcy Kuemper without a rebound.
19:02 of 3rd period - Craig Smith wins face-off versus Adam Henrique in FLORIDA Panthers zone.
19:11 of 3rd period - Shot by Nick Foligno.
19:11 of 3rd period - Stopped by Darcy Kuemper without a rebound.
19:12 of 3rd period - Steven Stamkos wins face-off versus Jeff Skinner in FLORIDA Panthers zone.
19:31 of 3rd period - Shot by Steven Stamkos.
19:31 of 3rd period - Shot Misses the Net.
19:44 of 3rd period - Shot by Matthew Tkachuk.
19:44 of 3rd period - Stopped by Jonathan Quick without a rebound.
19:45 of 3rd period - Vincent Trocheck wins face-off versus Trevor Zegras in COLORADO Avalanche zone.
19:57 of 3rd period - Shot by Alex Iafallo.
19:57 of 3rd period - Stopped by Darcy Kuemper without a rebound.
19:58 of 3rd period - Adam Henrique wins face-off versus Craig Smith in FLORIDA Panthers zone.
19:58 of 3rd period - Adam Henrique is hit by Zach Aston-Reese.
Goals for this period are 0 for FLORIDA Panthers vs 0 for COLORADO Avalanche.
Shots for this period are 4 for FLORIDA Panthers vs 10 for COLORADO Avalanche. Output by the SimonT Hockey Simulator (STHS) for Martin Benoit - Original Page W3C HTML5 Valid
Hockey Simulator - Hockey Simulation - Hockey Manager